AoeStats
← KootH.

Nomad

505247723Analyzed
4v4 RM · 25d ago on Sep 8, 2026· 19m 39s· 8 players
Game mode
Random Map
Map size
231×231
Population
200
Speed
Normal
Resources
Standard
Victory
Conquest
Starting age
Dark Age
Ending age
Imperial Age
RankedLock teamsTeams togetherTeam positionsShared explorationLock speedFull tech treeHidden civsTurbo modeCheats
Victory
Defeat
🇹🇼 Berbers · Taiwan
1487
+15
🇳🇿 Japanese · New Zealand
1466
+16
🇻🇳 Spanish · Vietnam
1457
+16
🇬🇷 Italians · Greece
1437
+17
🇨🇴 Magyars · Colombia
1513
-19
🇺🇸 Hindustanis · United States
1471
-16
🇵🇪 Khmer · Peru
1433
-15
🇪🇸 Wu · Spain
1416
-14
w(oO)t
5:59 Loom
13:10 Feudal Age
14:11 Fishing Lines
15:10 Town Watch
15:15 Double-Bit Axe
20:12 Castle Age
19:10 Fletching
19:43 Padded Archer Armor
Zzulu
5:07 Loom
12:51 Feudal Age
13:35 Double-Bit Axe
14:57 Fletching
15:03 Fishing Lines
18:58 Castle Age
19:31 Gillnets
TakEru
4:47 Loom
13:37 Feudal Age
15:26 Wheelbarrow
16:13 Stone Mining
18:28 Castle Age
17:35 Double-Bit Axe
Miru
5:25 Loom
13:18 Feudal Age
15:29 Double-Bit Axe
19:55 Forging
19:35 Fletching
Borya
11:16 Loom
13:18 Feudal Age
14:25 Double-Bit Axe
14:31 Gold Mining
15:17 Man-at-Arms
CTM | KLIN
Rabe3000
6:00 Loom
14:46 Feudal Age
19:32 Castle Age
KootH.
3:39 Loom
13:01 Feudal Age
14:53 Double-Bit Axe
Connection lost

Rejoining the realm…

Still unreachable

The connection could not be restored.

Session expired

The server has moved on; the page needs a fresh start.